Unix NetHack Version 5.0.0-0 post-release - last build May 23 2026 06:08:33 (1c0ff79ee797540d5714e4e18072db0edd9e58ae,branch:main).

Game began 2026-05-27 01:05:01, ended 2026-05-27 15:49:10.

IanCurtis, chaotic male elven Wizard

                                                     ------------
                                                     ............
                        ----------------------------...---.--a---
                        |..........................|...| ---|@|
                        |...........%<.%.*..)..))..|..)----.|`---
                        |..*...........*..))..[....|.|....|.....|
                        |..........................%.|....|..-|-|
                        ------------------------------..---..|..|
                                                     ...|....|..|
                                                      ..-----|..|
                                                             ----

IanCurtis the Thaumaturge  St:25 Dx:12 Co:15 In:20 Wi:14 Ch:8  Chaotic
Dlvl:11 $:183 HP:0(51) Pw:123(123) AC:7  Xp:8 T:4437  Hungry  

Latest messages:
 This door is locked.
 Unlock it with your lock pick? [ynq] (q) y
 You succeed in picking the lock.
 In what direction? j
 The door opens.
 You see here a scroll of remove curse.
 You learn more about your items by comparing them.
 i - an uncursed scroll of remove curse (2 in total).
 The gnomish wizard points at you, then curses.
 You hit the gnomish wizard!
 The gnomish wizard turns to flee.
 The air crackles around the gnomish wizard.
 Something is engraved here on the floor.
 You read: "Trespassers will be persecuted!"
 Something is engraved here on the floor.
 You read: "You are now entering the Gnome King's wine cellar."
 You kill the gnomish wizard!
 Something is engraved here on the floor.
 You read: "You are now en?ering the Gnome King's wine cellar."
 Something is engraved here on the floor.
 You read: "Trespassers will be persecuted!"
 T - 2 ruby potions.
 U - a potion called confusion.
 What do you want to name? [a-zA-U or ?*] T
 What do you want to name these ruby potions? booze
 V - a cloudy potion.
 T - 2 ruby potions named booze (4 in total).
 W - a ruby potion.
 T - a ruby potion named booze (5 in total).
 X - a yellow potion.
 A wave of psychic energy pours over you!
 Something is engraved here on the floor.
 You read: "Trespassers will be persecuted!"
 Something is engraved here on the floor.
 You read: "You are now en?ering the Gnome King's wine cellar."
 The soldier ant bites!
 The soldier ant stings!
 You hit the soldier ant!
 The soldier ant bites!
 The soldier ant stings!
 The soldier ant bites!
 The soldier ant just misses!
 What do you want to zap? [cGK-MQ or ?*] ?
 Never mind.
 What do you want to write with? [- acens-uxGK-MQ or ?*] -
 You cannot wipe out the message that is engraved in the floor here.
 The soldier ant bites!
 The soldier ant stings!
 You die...
 Do you want your possessions identified? [ynq] (y) q

Inventory:
 Coins    ('$')
  $ - 183 gold pieces
 Amulets  ('"')
  N - an uncursed amulet of guarding
  v - an uncursed amulet versus poison
 Weapons  (')')
  a - a blessed +1 quarterstaff (weapon in hands)
 Armor    ('[')
  B - a cursed -1 pair of gauntlets of fumbling
  z - a blessed +1 pair of gauntlets of power (being worn)
  b - an uncursed +0 cloak of magic resistance (being worn)
 Comestibles  ('%')
  H - 2 uncursed food rations
  I - an uncursed tripe ration
 Scrolls  ('?')
  j - an uncursed scroll of enchant armor
  E - an uncursed scroll of enchant weapon
  D - an uncursed scroll of identify
  r - a cursed scroll of identify
  i - 2 uncursed scrolls of remove curse
  R - a blessed scroll of teleportation
  P - 2 uncursed scrolls of teleportation
  w - a cursed scroll of teleportation
 Spellbooks  ('+')
  m - an uncursed spellbook of confuse monster
  l - a blessed spellbook of force bolt
  F - an uncursed spellbook of teleport away
 Potions  ('!')
  o - an uncursed potion of acid
  W - a blessed potion of booze
  T - 5 uncursed potions of booze named booze
  U - an uncursed potion of confusion
  q - an uncursed potion of gain energy
  J - a blessed potion of hallucination
  g - 3 uncursed potions of healing
  h - an uncursed potion of levitation
  X - an uncursed potion of object detection
  f - an uncursed potion of restore ability
  V - a blessed potion of sleeping
  A - an uncursed potion of water
 Rings    ('=')
  t - an uncursed ring of fire resistance
  x - an uncursed ring of free action
  u - an uncursed ring of polymorph control
  s - an uncursed ring of sustain ability
  e - an uncursed ring of teleportation
 Wands    ('/')
  M - a wand of create monster (0:15)
  L - a wand of magic missile (0:4)
  K - a wand of secret door detection (0:15)
  c - a wand of stasis (0:4)
  G - a wand of striking (0:6)
  Q - a wand of striking (0:3)
 Tools    ('(')
  O - an empty uncursed oilskin sack
  p - a cursed blindfold
  k - an uncursed lock pick
  n - a magic marker (0:19)
  S - an uncursed magic whistle
  d - a +0 pick-axe
  C - a blessed wax candle
  y - an uncursed partly used wax candle

IanCurtis the Wizard's attributes:

Background:
 You were a Thaumaturge, a level 8 male elven Wizard.
 You were chaotic, on a mission for Anhur
 who was opposed by Ptah (lawful) and Thoth (neutral).
 You were right-handed.
 You were in the Gnomish Mines, on level 11.
 You entered the dungeon 4437 turns ago.
 You had 1533 experience points, 1027 more were needed to attain level 9.

Basics:
 You had 0 out of 51 hit points.
 You had all 123 energy points (spell power).
 Your armor class was 7.
 Your wallet contained 183 zorkmids.
 Autopickup was off.

Final Characteristics:
 Your strength was 25 (base:12, innate limit:18).
 Your dexterity was 12 (limit:18).
 Your constitution was 15 (limit:16).
 Your intelligence was 20 (limit:20).
 Your wisdom was 14 (limit:20).
 Your charisma was 8 (limit:18).

Final Status:
 You were hungry.
 You were unencumbered.
 You were wielding a quarterstaff.
 You had basic skill with quarterstaff and could have enhanced that.

Final Attributes:
 You were piously aligned.
 You were magic-protected.
 You were sleep resistant.
 You had infravision.
 You were warded.
 You are dead.

Miscellaneous:
 You encountered 1 bones level.
 Total elapsed playing time was 1 hour, 7 minutes and 36 seconds.

Major events:
 Turn
    1: IanCurtis the chaotic male elven Wizard entered the dungeon
  915: attained the rank of Conjurer (level 3)
 1103: entered the Gnomish Mines
 1656: reached Mine Town
 1717: attained the rank of Thaumaturge (level 6)
 4437: killed by a soldier ant

Spells:
 Name                 Level Category     Fail Retention
 force bolt             1   attack         0%   71%-80%
 confuse monster        1   enchantment    0%   71%-80%
 teleport away          6   escape       100%  76%-100%

Skills:
 Fighting Skills
   bare handed combat [Unskilled]
   riding             [Unskilled]
 Weapon Skills
   dagger             [Unskilled]
   knife              [Unskilled]
   axe                [Unskilled]
   short sword        [Unskilled]
   club               [Unskilled]
   mace               [Unskilled]
   quarterstaff       [Basic]
   polearms           [Unskilled]
   spear              [Unskilled]
   trident            [Unskilled]
   sling              [Unskilled]
   dart               [Unskilled]
   shuriken           [Unskilled]
 Spellcasting Skills
   attack spells      [Basic]
   healing spells     [Unskilled]
   divination spells  [Unskilled]
   enchantment spells [Basic]
   clerical spells    [Unskilled]
   escape spells      [Unskilled]
   matter spells      [Unskilled]

Voluntary challenges:
 Character rerolling was not enabled.
 You never genocided any monsters.
 You never polymorphed an object.
 You never changed form.
 You used no wishes.
Achievements:
 You entered a shop.
 You attained the rank of Conjurer.
 You entered the Gnomish Mines.
 You entered Minetown.
 You attained the rank of Thaumaturge.
 You entered a temple.

 The Dungeons of Doom: levels 1 to 3
    Level 1:
    Level 2: "vault"
       A ring shop, a fountain.
       Stairs down to The Gnomish Mines.
    Level 3:
       A fountain.
 The Gnomish Mines: levels 3 to 11
    Level 3:
    Level 4:
    Level 5:
       Many shops, a temple and an altar, some fountains, a sink.
    Level 6:
    Level 7:
       A grave.
       Final resting place for
          magnolian-Val-Hum-Fem-Law, killed by a soldier ant.
    Level 8:
    Level 9:
    Level 10:
    Level 11: <- You were here.
       Final resting place for
          you, killed by a soldier ant.


Vanquished creatures:
  a giant spider
 an orc mummy
  a gnome mummy
  2 apes
  2 human zombies
  3 soldier ants
  a pony
  2 yellow lights
  a shrieker
  2 violet fungi
 16 gnome leaders
  5 gnomish wizards
 an elf zombie
  a straw golem
  3 giant ants
 18 dwarves
  a kobold leader
  2 hill orcs
  2 rothes
  5 monkeys
 an iguana
 an acid blob
  2 coyotes
  4 hobbits
  2 large kobolds
  a hobgoblin
  a giant rat
  a yellow mold
 55 gnomes
  3 garter snakes
  2 geckos
  8 jackals
  2 kobolds
  a goblin
  6 sewer rats
  4 grid bugs
  2 lichens
  2 kobold zombies
  8 newts
176 creatures vanquished.

No species were genocided or became extinct.

Game over:
                       ----------
                      /          \
                     /    REST    \
                    /      IN      \
                   /     PEACE      \
                  /                  \
                  |    IanCurtis     |
                  |      183 Au      |
                  |   killed by a    |
                  |   soldier ant    |
                  |                  |
                  |                  |
                  |       2026       |
                 *|     *  *  *      | *
        _________)/\\_//(\/(/\)/\//\/|_)_______

Goodbye IanCurtis the Wizard...

You died in The Gnomish Mines on dungeon level 11 with 6797 points,
and 183 pieces of gold, after 4437 moves.
You were level 8 with a maximum of 51 hit points when you died.

